Map: Arctic Dream LE

Players

Massa - Winner!

  • Race: Terran Terran
  • Spawn Location: 11:00

qqq - Winner!

  • Race: Protoss Protoss
  • Spawn Location: 12:00

Craneriver

  • Race: Protoss Protoss
  • Spawn Location: 5:00

BlackDevyl

  • Race: Protoss Protoss
  • Spawn Location: 6:00

VOD

Have the link to the VOD?

Description

Time

  • Played on: June 15, 2020, 12:04 p.m.
  • Length: 5:06
Show
View Real Time Build Order
Export as new Build Order

Massa Terran - Winner!

Build Orders:  

Get SALT Encoding   

  12  0:10  Supply Depot  
  12  0:13  SCV  
  13  0:25  SCV  
  14  0:34  Barracks  
  14  0:37  SCV  
  15  0:49  SCV  
  16  0:54  Supply Depot  
  16  1:01  SCV  
  17  1:13  SCV  
  17  1:16  Barracks  
  18  1:24  Marine  
  19  1:25  SCV  
  20  1:39  Orbital Command  
  20  1:43  Barracks  
  20  1:48  Marine  
  21  1:56  Refinery  
  21  2:06  Barracks  
  21  2:08  Marine  
  21  2:09  Marine  
  21  2:15  SCV  
  24  2:26  Marine  
  24  2:27  Marine  
  26  2:35  Marine  
  27  2:44  Marine  
  27  2:45  Barracks Tech Lab  
  28  2:53  Marine  
  28  2:54  Supply Depot  
  28  2:57  Supply Depot  
  29  2:58  Supply Depot  
  29  3:00  Marine  
  29  3:02  Marine  
  31  3:16  Marauder, Marine  
  31  3:18  Marine  
  35  3:25  Stimpack  
  35  3:27  Marine  
  35  3:33  Marine  
  37  3:36  Marine  
  37  3:38  Marauder  
  40  3:44  Marine  
  40  3:46  Supply Depot  
  41  3:51  Marine  
  41  3:53  Marine  
  43  3:59  Marauder  
  43  4:02  Marine  
  45  4:08  Supply Depot  
  45  4:09  Marine  
  47  4:11  Marine  
  48  4:20  Marauder, Marine  
  49  4:51  SCV  
  44  4:58  Command Center  
Show
View Real Time Build Order
Export as new Build Order

qqq Protoss - Winner!

Build Orders:  

Get SALT Encoding   

  12  0:02  Probe  
  13  0:15  Pylon  
  13  0:25  Probe  
  14  0:35  Gateway  
  14  0:43  Pylon  
  14  0:51  Probe  
  15  1:01  Pylon  
  15  1:03  Probe  
  16  1:15  Probe, Assimilator  
  17  1:26  Cybernetics Core  
  17  1:35  Probe  
  17  1:36  Assimilator  
  18  1:47  Probe  
  19  1:59  Probe  
  20  2:05  Pylon  
  20  2:08  Stalker  
  22  2:11  Probe  
  23  2:24  Probe  
  24  2:31  Gateway  
  24  2:33  Stalker  
  24  2:36  Probe  
  25  2:41  Robotics Facility  
  27  2:58  Stalker  
  29  3:19  Immortal  
  29  3:20  Stalker  
  31  3:28  Sentry  
  37  3:50  Adept  
  37  3:54  Stalker  
  41  4:05  Immortal  
  45  4:20  Stalker  
  47  4:42  Pylon  
  47  4:46  Pylon  
  47  4:50  Pylon  
Show
View Real Time Build Order
Export as new Build Order

Craneriver Protoss 

Build Orders: 1 Gate Expand 

Get SALT Encoding   

  1  0:00  Probe  
  12  0:05  Probe  
  14  0:19  Pylon  
  14  0:23  Probe  
  14  0:28  Assimilator  
  15  0:37  Probe  
  16  0:43  Gateway  
  16  0:49  Probe  
  17  0:58  Probe  
  18  1:06  Probe  
  18  1:10  Assimilator  
  19  1:15  Probe  
  20  1:27  Probe  
  21  1:39  Probe  
  22  1:42  Nexus  
  22  1:50  Cybernetics Core  
  22  1:51  Probe  
  23  2:05  Pylon  
  23  2:07  Warp Gate  
  23  2:19  Pylon  
  23  2:23  Probe, Gateway  
  24  2:35  Probe  
  25  2:37  Stalker  
  27  2:47  Probe  
  27  2:51  Robotics Facility  
  29  2:58  Probe  
  29  3:00  Probe  
  30  3:09  Gateway  
  30  3:10  Probe  
  30  3:12  Probe  
  32  3:13  Stalker  
  32  3:18  Stalker  
  36  3:23  Probe  
  37  3:30  Probe  
  37  3:31  Probe  
  38  3:35  Assimilator  
  39  3:41  Probe  
  39  3:42  Observer, Probe  
  39  3:45  Robotics Bay  
  42  3:50  Twilight Council  
  42  3:54  Probe  
  43  3:56  Probe  
  43  4:02  Assimilator  
  44  4:06  Probe, Stalker  
  47  4:17  Observer  
  47  4:18  Probe  
  49  4:26  Forge  
  49  4:29  Stalker x2  
  49  4:30  Probe  
  54  4:50  Probe  
Show
View Real Time Build Order
Export as new Build Order

BlackDevyl Protoss 

Build Orders: Nexus First, Oracle Opening 

Get SALT Encoding   

  12  0:05  Probe  
  13  0:17  Probe  
  14  0:24  Pylon  
  14  0:29  Probe  
  16  0:42  Probe  
  16  0:59  Nexus  
  16  1:00  Probe  
  17  1:08  Probe  
  17  1:16  Probe  
  18  1:19  Gateway  
  19  1:28  Assimilator  
  19  1:29  Probe  
  20  1:37  Gateway  
  20  1:45  Pylon  
  20  1:51  Probe  
  20  1:54  Assimilator  
  21  2:01  Pylon  
  21  2:03  Probe  
  22  2:12  Cybernetics Core  
  22  2:15  Probe  
  23  2:23  Probe  
  23  2:25  Probe  
  25  2:31  Probe  
  25  2:33  Probe  
  26  2:40  Probe, Pylon  
  26  2:42  Probe  
  29  2:52  Probe  
  29  2:54  Probe  
  31  3:02  Stargate  
  31  3:04  Probe  
  32  3:09  Assimilator  
  32  3:12  Assimilator  
  32  3:16  Probe  
  33  3:22  Stargate  
  33  3:26  Probe  
  33  3:27  Forge  
  33  3:28  Probe  
  35  3:34  Probe  
  35  3:36  Probe  
  37  3:43  Probe  
  37  3:44  Probe  
  37  3:46  Oracle  
  41  3:54  Probe  
  41  3:55  Probe  
  43  3:57  Oracle  
  44  4:05  Photon Cannon  
  44  4:06  Probe  
  44  4:07  Probe  
  49  4:13  Pylon  
  49  4:19  Probe  
  49  4:20  Pylon  
  49  4:22  Probe  
  51  4:31  Probe  
  51  5:00  Pylon  
  51  5:02  Pylon  
Tags
 
Add a new tag
Caveats
  • Supply blocks, unpowered buildings, or Contaminate may cause inaccurate times.
  • Supply counts are checked every 10 seconds.